 Dungeon Crawl Stone Soup version 0.30-a0-859-gf88a04b62d (webtiles) character file.

Game seed: 12076401546133948639

304 NotreDorf the Poker (level 6, 0/47 HPs)
             Began as a Merfolk Reaver on Mar 6, 2023.
             Slain by a gnoll
             ... wielding a +0 whip
             ... led by a gnoll bouda
              (4 damage)
             ... on level 5 of the Dungeon.
             The game lasted 00:10:34 (3328 turns).

NotreDorf the Poker (Merfolk Reaver)                Turns: 3328, Time: 00:10:34

Health: 0/47       AC:  3    Str: 14    XL:     6   Next: 38%
Magic:  9/9        EV: 12    Int: 19    God:
Gold:   175        SH:  4    Dex: 12    Spells: 3/9 levels left

rFire   . . .      SeeInvis +    w - +11 short sword "Olih" {elec, rN+ Will- Int+6}
rCold   . . .      Faith    .    y - +0 buckler
rNeg    + . .      Spirit   .    b - +0 leather armour
rPois   .          Reflect  .    (no helmet)
rElec   .          Rampage  .    (no cloak)
rCorr   .                        (no gloves)
Will    .....                    (no boots)
Stlth   ++                       (no amulet)
HPRegen 0.27/turn                g - ring of wizardry
MPRegen 0.11/turn                d - ring of see invisible

@: lethally poisoned (0 -> -2), weakened
A: (nimble swimmer 2), mertail
a: no special abilities


You were on level 5 of the Dungeon.
You visited 1 branch of the dungeon, and saw 5 of its levels.

You collected 175 gold pieces.

Inventory:

Hand Weapons
 a - a +0 spear
 w - the +11 short sword "Olih" (weapon) {elec, rN+ Will- Int+6}
   (You found it on level 3 of the Dungeon)

   Int:       It affects your intelligence (+6).
   rN:        It protects you from negative energy.
   Will:      It decreases your willpower.
Armour
 b - a +0 leather armour (worn)
 c - an orb of light
 y - a +0 buckler (worn)
Jewellery
 d - a ring of see invisible (right hand)
 g - a ring of wizardry (left hand)
 j - a ring of wizardry
 n - a ring of wizardry
 q - a ring of protection from fire
 r - a ring of magical power
Wands
 B - a wand of iceblast (3)
Scrolls
 f - 4 scrolls of fear {unknown}
 k - 2 scrolls of amnesia {unknown}
 m - 6 scrolls of identify {unknown}
 o - 4 scrolls of enchant armour {unknown}
 p - 2 scrolls of teleportation {unknown}
 t - a scroll of blinking {unknown}
 v - a scroll of magic mapping {unknown}
 x - a scroll of noise {unknown}
 z - a scroll of enchant weapon {unknown}
Potions
 e - 3 potions of haste {unknown}
 h - 4 potions of invisibility {unknown}
 i - 2 potions of berserk rage {unknown}
 l - a potion of brilliance {unknown}
 s - a potion of cancellation {unknown}
 u - 4 potions of curing {unknown}
 A - a potion of lignification {unknown}


   Skills:
 + Level 3.2 Fighting
 + Level 5.1 Polearms
 + Level 4.3 Dodging
 + Level 2.6 Stealth
 + Level 1.5 Shields
 - Level 2.4 Spellcasting
 - Level 2.8 Conjurations
 + Level 2.0 Ice Magic


You had 3 spell levels left.
You knew the following spells:

 Your Spells              Type           Power      Damage    Failure   Level
a - Kiss of Death         Conj/Necr      28%        2d7       6%          1
b - Momentum Strike       Conj/Tloc      14%        3d8       9%          2
c - Hailstorm             Conj/Ice       11%        3d5       12%         3

Your spell library contained the following spells:

 Spells                   Type           Power      Damage    Failure   Level
 Magic Dart               Conj           52%        1d5       3%          1
 Searing Ray              Conj           26%        2d5       5%          2
 Fulminant Prism          Conj/Hex       3%         3d5       50%         4


Dungeon Overview and Level Annotations

Branches:
Dungeon (5/15)
 Temple: D:4-7

Altars:
Ashenzari
Cheibriados
Elyvilon
Gozag
Okawaru
Wu Jian


Innate Abilities, Weirdness & Mutations

((You are very nimble when in or above water. (Stealth+, EV+, Speed+++)))
Your lower body shifts to a powerful aquatic tail in water.


Message History

You closely miss the water moccasin. The water moccasin closely misses you.
You barely miss the water moccasin.
A gnoll comes into view. It is wielding a +0 whip.
The water moccasin bites you.
You closely miss the water moccasin.
The gnoll shouts!
The water moccasin bites you.
A gnoll comes into view. It is wielding a +0 spear.
The water moccasin barely misses you.
You puncture the water moccasin!
The water moccasin is heavily wounded.
The gnoll bouda barks out a call to the hunt!
The gnolls pick up the pace!
The water moccasin bites you but does no damage.
You puncture the water moccasin!
The water moccasin is severely wounded.
The water moccasin bites you!
You are poisoned.
The water moccasin poisons you! The gnoll hits you with a +0 whip.
The water moccasin completely misses you.
You are too injured to fight recklessly!
You puncture the water moccasin!
The water moccasin is almost dead.
You feel very sick. The water moccasin closely misses you.
The gnoll closely misses you.
The gnoll bouda gazes fiercely through you!
You feel your attacks grow feeble.
The gnoll bouda attacks as you move away!
The gnoll bouda closely misses you.
You feel sick. The water moccasin barely misses you.
The gnoll attacks as you move away! You block the gnoll's attack.
The gnoll attacks as you move away! The gnoll barely misses you.
You feel sick.
You open the door.
You feel sick. The gnoll barely misses you. The gnoll hits you with a +0 whip!
* * * LOW HITPOINT WARNING * * *
The gnoll attacks as you move away! The gnoll hits you with a +0 whip.
* * * LOW HITPOINT WARNING * * *
The gnoll attacks as you move away! The gnoll barely misses you.
You feel sick. The gnoll hits you with a +0 whip.
You die...

#.... #.####### #....
#.##....# 8.8#....# ..
#.##....#... .
##.##....#... . .
8.8#......# ..#.
#.##.g....#
....##@##g.....#
.###...gg!.....#
........S......########
.......))...............
..###..))......########.
. #..........#........
#..........####.##..
#..........# #.....
#####+####.#####....


You could see a water moccasin and 2 gnolls.

Vanquished Creatures
  An ice beast (D:5)
  A hound (D:5)
  An iguana (D:4)
  A mummy (D:4)
  Robin (D:2)
  An adder (D:4)
  A worm (D:3)
  3 dart slugs
  10 orcs
  7 ball pythons
  7 bats
  5 endoplasms
  8 giant cockroaches
  13 goblins
  13 hobgoblins
  7 jackals
  6 quokkas
  2 frilled lizards (D:2)
  6 kobolds
  5 rats
99 creatures vanquished.

Notes
Turn   | Place    | Note
-------+----------+-------------------------------------------
     0 | D:1      | NotreDorf the Merfolk Reaver began the quest for the Orb.
     0 | D:1      | Reached XP level 1. HP: 16/16 MP: 3/3
    98 | D:1      | Reached XP level 2. HP: 22/22 MP: 5/5
   251 | D:1      | Reached skill level 1 in Stealth
   431 | D:1      | Reached XP level 3. HP: 19/28 MP: 6/6
   684 | D:1      | Learned a level 2 spell: Momentum Strike
   688 | D:1      | Learned a level 3 spell: Hailstorm
   819 | D:2      | Noticed Robin
   866 | D:2      | Killed Robin
   871 | D:2      | Reached XP level 4. HP: 10/34 MP: 7/7
  1312 | D:2      | Found a faded altar of an unknown god.
  1384 | D:2      | Found an opulent altar of Gozag.
  1562 | D:3      | Found an ornate altar of the Wu Jian Council.
  2008 | D:3      | Found a broken altar of Ashenzari.
  2057 | D:3      | Reached skill level 1 in Ice Magic
  2094 | D:3      | Identified the +11 short sword "Olih" {elec, rN+ Will-
                  | Int+6}
  2404 | D:4      | Reached XP level 5. HP: 30/40 MP: 8/8
  2482 | D:4      | Found an iron altar of Okawaru.
  2497 | D:4      | Found a white marble altar of Elyvilon.
  2572 | D:4      | Found a snail-covered altar of Cheibriados.
  3155 | D:5      | Entered Level 5 of the Dungeon
  3237 | D:5      | Noticed an ice beast
  3244 | D:5      | Killed an ice beast
  3245 | D:5      | Reached skill level 5 in Polearms
  3245 | D:5      | Reached skill level 1 in Shields
  3245 | D:5      | Reached XP level 6. HP: 47/47 MP: 9/9
  3315 | D:5      | Noticed a water moccasin
  3328 | D:5      | Slain by a gnoll

Illustrated notes

Levels and vault maps discovered:
D:1:      lightli_arrival_noodles, layout_basic, serial_park_tiny_2
D:2:      wander_river, layout_basic, basic_altar,
          dreamdust_ecumenical_altar_statues, uniq_robin
D:3:      layout_loops_ring, evilmike_ruin_ashenzari, nzn_wu_jian_council_hall,
          minmay_misc_feat_hallway, kennysheep_big_empty_room,
          grunt_decor_clamped
D:4:      layout_basic, nicolae_overflow_crystal_walls, slow_altar_2,
          okawaru_trees_2, kennysheep_decorative_pillar, kennysheep_cross_room
D:5:      layout_basic, dk_noncrumbling_2, chequers_serial_rivers_small_a,
          minivault_19, uniq_ijyb

Skill      XL: |  1  2  3  4  5  6 |
---------------+-------------------+-----
Stealth        | 1 2 |  2.6
Dodging        | 3 4 |  4.3
Ice Magic      | 1 2 |  2.0
Fighting       | 3 |  3.2
Polearms       | 5 |  5.1
Shields        | 1 |  1.5
Spellcasting   | |  2.4
Conjurations   | |  2.8

Action                     |  1- 3 |  4- 6 || total
---------------------------+-------+-------++-------
  Melee: Spear             |   162 |   115 ||   277
         Punch             |     2 |     1 ||     3
         Short sword       |       |    53 ||    53
   Stab: Sleeping          |     1 |     6 ||     7
 Armour: Leather armour    |    33 |    18 ||    51
  Dodge: Dodged            |    72 |    72 ||   144
  Block: Buckler           |       |     6 ||     6

Table legend: (Time is in decaauts)
 A = Elapsed time spent in this place.
 B = Non-inter-level travel time spent in this place.
 C = Inter-level travel time spent in this place.
 D = Time resting spent in this place.
 E = Time spent auto-exploring this place.
 F = Levels seen in this place.
 G = Mean time per level.
                   A        B        C        D        E       F      G
               +--------+--------+--------+--------+--------+-----+--------+
         Total |   3276 |   3181 |     95 |      0 |   2501 |   5 |  655.2 |
       Dungeon |   3276 |   3181 |     95 |      0 |   2501 |   5 |  655.2 |
               +--------+--------+--------+--------+--------+-----+--------+

Top non-repeatable levels by time:
     D:3: 813 daAuts
     D:2: 805 daAuts
     D:4: 783 daAuts
     D:1: 701 daAuts
     D:5: 172 daAuts
